Cogmind - Beta 11.1 @@@ ROGUE MODE // 2022.07.13 @ 18:32:42 Player: ktur Result: Destroyed by X-87 Electro with Compact HERF Cannon Performance ------------- Evolutions (7) 3500 Regions Visited (32) 6400 Robots Destroyed (349) 1745 Value Destroyed (15101) 15101 Prototype IDs (77) 1540 Alien Tech Used (2) 400 Bonus (5683) 5683 TOTAL SCORE: 34369 Bonus ------- High Alert Combat Kills 534 Follower Combat Kills 1084 Met Data Miner 300 Met Imprinter 300 Destroyed Z-Imprinter 1000 Triggered Deep Caves Wall 500 Exposed GOLEM Chamber 500 Met Zhirov 300 Met Warlord at Base 500 MAIN.C Attacked Warlord 500 Scanned by Researcher 500 Friendly Fire -335 Cogmind --------- Core Integrity 0/1300 Matter 10/300 Energy 90/100 System Corruption 7% Temperature Cool (0) Movement Core (50) Location -3/Testing Parts ------- > --- POWER (2) -------- (None) > --- PROPULSION (5) --- (None) > --- UTILITY (12) ----- Advanced Signal Interpreter Experimental Hacking Suite > --- WEAPON (2) ------- (None) > --- INVENTORY (5) ---- (None) Peak State ------------ > --- POWER ------------ Neutrino Core Cooled Antimatter Reactor > --- PROPULSION ------- Combat Gravmag System Combat Antigrav System Combat Antigrav System Combat Antigrav System Combat Antigrav System > --- UTILITY ---------- High-capacity Storage Unit Assembled Biocell Array Assembled Suspension Frame Zionite Metafield Generator Advanced Sensor Array Advanced Signal Interpreter Assembled Combat Suite Experimental Reaction Control System Advanced Cloaking Device Experimental Hacking Suite System Mapper Ghost Barrier > --- WEAPON ----------- Vortex Rifle Compact Mass Driver > --- INVENTORY -------- Zionite Biocell Zionite Biocell Zionite Biocell Experimental Utility Shielding Zionite Weapon Casing Zionite Weapon Casing SHELL Armor Transdimensional Reconstructor Compact HERF Cannon BFG-9k Vortex Edition Micro-nuke Launcher Vortex Catalyst Activator [Rating: 180] Favorites ----------- Power Assembled Flux Generator Engine Improved Ion Engine Power Core Micro Nuclear Core Reactor Assembled Flux Generator Propulsion Assembled Alloy Leg Treads Light Treads Leg Assembled Alloy Leg Hover Unit Combat Antigrav System Flight Unit Cesium-ion Thruster Utility Huge Storage Unit Device GOLEM Unit Storage Huge Storage Unit Processor Advanced Signal Interpreter Hackware Advanced Hacking Suite Protection Assembled Alloy Armor Weapon Assembled Focal Cannon Energy Gun Small Laser Energy Cannon Assembled Focal Cannon Ballistic Gun Heavy Assault Rifle Ballistic Cannon Light Cannon Launcher Missile Launcher Special Weapon Improved Plasma Cutter Impact Weapon Heavy Flail Slashing Weapon Phasing Sabre Piercing Weapon Lance Special Melee Weapon Improved Datajack Build | -11 -10 -10 -10 -9 -8 -7 -7 -7 -7 -7 -7 -7 -6 -6 -6 -6 -6 -5 -5 -5 -5 -5 -4 -4 -4 -4 -4 -4 -4 -3 -3 -3 ------- Run | Scr Mat Min Exi Min Mat Fac Was Fac Low Low Zio Dee Pro Fac Low Low Dat Pro Fac Upp Upp Zhi Pro Fac Was Fac Upp Upp War Pro Res Tes Slots Evolved 14 | . . . . . 4 2 . . . . . . . 2 . . . . 2 . . . . 2 . . . . . . 2 . Power 1 | . . . . . . . . . . . . . . 1 . . . . . . . . . . . . . . . . . . Propulsion 3 | . . . . . 1 1 . . . . . . . . . . . . . . . . . 1 . . . . . . . . Utility 10 | . . . . . 3 1 . . . . . . . 1 . . . . 2 . . . . 1 . . . . . . 2 . Weapon . | . . . . . . . . . . . . . . . . . . . . . . . . . . . . . . . . . Parts Attached 377 | 6 17 2 . . 80 11 . 2 4 . 10 52 3 15 10 15 10 6 26 . 3 3 . 42 3 10 2 . 24 7 6 8 Power 24 | 1 2 1 . . 3 . . . . . . 6 . . . . . . . . . . . 3 1 1 . . 1 3 1 1 Engine 5 | 1 2 1 . . 1 . . . . . . . . . . . . . . . . . . . . . . . . . . . Core 10 | . . . . . 2 . . . . . . 2 . . . . . . . . . . . 3 . . . . 1 1 . 1 Reactor 9 | . . . . . . . . . . . . 4 . . . . . . . . . . . . 1 1 . . . 2 1 . Propulsion 74 | 2 7 . . . 24 4 . . . . 1 6 . 1 . . 2 . 5 . 1 . . 17 . . . . 2 1 . 1 Treads 31 | 2 5 . . . 21 . . . . . 1 2 . . . . . . . . . . . . . . . . . . . . Leg 25 | . 2 . . . 2 . . . . . . 1 . 1 . . 2 . 5 . 1 . . 11 . . . . . . . . Wheel . | . . . . . . . . . . . . . . . . . . . . . . . . . . . . . . . . . Hover 14 | . . . . . 1 4 . . . . . . . . . . . . . . . . . 6 . . . . 1 1 . 1 Flight 4 | . . . . . . . . . . . . 3 . . . . . . . . . . . . . . . . 1 . . . Utility 202 | 1 6 . . . 28 5 . 2 2 . 5 30 3 13 9 14 6 4 19 . 1 3 . 22 2 5 2 . 13 1 4 2 Device 76 | . 2 . . . 6 1 . 1 2 . . 11 1 7 4 9 2 2 5 . . 1 . 8 2 3 2 . 3 1 2 1 Storage 25 | 1 3 . . . 7 . . . . . 1 5 . 1 . 1 2 . 1 . . . . 3 . . . . . . . . Processor 11 | . 1 . . . 2 . . 1 . . 2 . 1 . . . . . 1 . . . . 1 . . . . 2 . . . Hackware 18 | . . . . . . 4 . . . . . . . 2 . . . . 5 . . . . 4 . 1 . . 1 . 1 . Protection 72 | . . . . . 13 . . . . . 2 14 1 3 5 4 2 2 7 . 1 2 . 6 . 1 . . 7 . 1 1 Artifact . | . . . . . . . . . . . . . . . . . . . . . . . . . . . . . . . . . Weapon 77 | 2 2 1 . . 25 2 . . 2 . 4 10 . 1 1 1 2 2 2 . 1 . . . . 4 . . 8 2 1 4 Energy Gun 12 | 1 1 . . . 1 . . . . . 1 3 . . . . . . . . . . . . . . . . 4 1 . . Energy Cannon 5 | . 1 . . . 2 . . . . . . . . . . . 1 . . . . . . . . . . . . . . 1 Ballistic Gun 19 | 1 . . . . 14 . . . . . 2 1 . . . . . . 1 . . . . . . . . . . . . . Ballistic Cannon 6 | . . 1 . . 4 . . . . . . . . . . . . . . . . . . . . . . . . . 1 . Launcher 16 | . . . . . 1 . . . . . . 2 . 1 1 1 1 2 1 . 1 . . . . . . . 1 1 . 3 Special Weapon 1 | . . . . . . . . . . . . . . . . . . . . . . . . . . . . . 1 . . . Impact Weapon 5 | . . . . . 1 1 . . 1 . . 2 . . . . . . . . . . . . . . . . . . . . Slashing Weapon 8 | . . . . . . . . . . . 1 2 . . . . . . . . . . . . . 3 . . 2 . . . Piercing Weapon 2 | . . . . . . . . . 1 . . . . . . . . . . . . . . . . 1 . . . . . . Special Melee Weapon 3 | . . . . . 2 1 . . . . . . . . . . . . . . . . . . . . . . . . . . Unidentified Prototypes 32 | . . . . . 4 . . . . . . 8 . 1 1 . 2 . 2 . . 2 . . . . . . 8 . 3 1 Parts Lost 66 | . 1 . . . 5 1 . 1 . . . 9 . . . 1 8 . 15 . . . 1 . . . . 1 . 2 1 20 Power 10 | . 1 . . . . . . . . . . 1 . . . . 1 . 3 . . . . . . . . 1 . . 1 2 Propulsion 14 | . . . . . . . . . . . . 1 . . . 1 2 . 4 . . . 1 . . . . . . . . 5 Utility 28 | . . . . . 5 1 . 1 . . . 4 . . . . 4 . 3 . . . . . . . . . . 1 . 9 Weapon 14 | . . . . . . . . . . . . 3 . . . . 1 . 5 . . . . . . . . . . 1 . 4 Highest Loss Streak 17 | . 1 . . . 2 1 . 1 . . . 6 . . . 1 8 . 4 . . . 1 . . . . 1 . 2 1 17 To Critical Strikes 1 | . . . . . . . . . . . . . . . . . . . 1 . . . . . . . . . . . . . Average Slot Usage (%) 85 | . 96 100 100 100 92 98 100 98 100 100 90 72 84 80 85 81 69 85 86 81 83 78 85 89 98 96 94 92 95 99 90 67 Engine 2 | . 13 14 14 14 6 . . . . . . . . . . . . . . . . . . . . . . . . . . . Core 1 | . . . . . 2 7 7 7 7 7 7 2 . . . . . . . . . . . 1 8 2 . . 4 5 4 2 Reactor 3 | . . . . . . . . . . . . 3 7 6 6 5 5 6 4 4 5 5 5 4 1 7 10 8 5 5 2 2 Treads 6 | . 22 28 28 28 26 . . . . . 6 4 . . . . . . . . . . . . . . . . . . . . Leg 11 | . 4 . . . . . . . . . . 10 23 20 26 21 19 25 22 17 18 23 20 18 . . . . . . . . Hover 4 | . . . . . . 29 30 30 30 30 15 1 . . . . . . . . . . . 6 26 26 26 26 25 26 23 13 Device 9 | . 3 . . . 3 6 7 7 7 7 5 8 14 13 11 12 15 12 14 11 11 11 11 14 21 21 21 21 21 21 23 16 Storage 11 | . 14 14 14 14 13 7 7 7 7 7 7 9 15 12 13 14 8 13 10 11 11 11 11 9 10 10 10 10 10 10 9 8 Processor 7 | . 7 14 14 14 9 7 7 12 15 15 15 12 2 6 6 6 6 6 . . . . . . 5 5 5 5 5 5 4 4 Hackware 5 | . . . . . . 21 23 16 15 15 12 . . . . . . . 15 17 17 17 17 14 5 5 10 10 10 10 14 10 Protection 5 | . . . . . 13 . . . . . 1 4 4 5 7 5 2 6 3 5 5 4 5 6 10 8 5 5 4 4 . 1 Energy Gun 1 | . 14 12 . . . . . . . . . 1 . . . . . . . . . . . . . . . . 4 9 4 1 Energy Cannon 7 | . 3 14 14 14 . . . . . . . 5 15 12 12 12 8 12 10 9 10 2 11 9 8 3 . . . . . . Ballistic Gun 2 | . 10 . . . 14 . . . . . . 2 . . . . . . . . . . . . . . . . . . . . Naked Turns . | . . . . . . . . . . . . . . . . . . . . . . . . . . . . . . . . . Heaviest Build 172 | 12 51 53 53 53 119 31 31 31 31 31 115 125 125 159 161 172 165 165 162 155 155 155 155 161 92 97 79 78 89 88 96 96 Greatest Support 136 | 40 43 40 40 40 69 32 32 32 32 32 75 115 75 95 95 95 116 116 136 75 90 90 90 130 98 98 98 98 98 98 98 98 Greatest Overweight (x) 24 | . 1 1 1 1 2 . . . . . 1 3 1 2 1 3 3 1 2 2 2 2 2 3 . . . . 1 1 . 24 Average Overweight (x) . | . . 1 1 1 . . . . . . . . 1 1 1 1 1 1 1 2 1 1 1 . . . . . . . . . Largest Inventory Capacity 25 | 8 20 20 20 20 25 25 15 15 15 15 25 25 25 25 25 25 25 25 25 25 25 25 25 25 20 20 20 20 20 20 20 20 Average Capacity 21 | 6 16 20 20 20 24 15 15 15 15 15 24 18 25 24 25 25 13 25 24 25 25 25 25 23 20 20 20 20 20 20 20 20 Most Carried 25 | 6 20 20 20 20 25 25 15 15 15 15 25 25 25 25 25 25 25 25 25 25 25 25 25 25 20 20 19 19 20 20 20 20 Average Carried 21 | 3 14 19 20 20 23 15 14 15 14 15 21 17 24 24 24 24 9 24 23 24 24 24 24 22 19 19 19 19 19 20 19 17 Final Capacity 25 | 8 20 20 20 20 25 15 15 15 15 15 25 25 25 25 25 25 25 25 25 25 25 25 25 20 20 20 20 20 20 20 20 5 Final Carried 25 | 6 20 20 20 20 25 15 15 15 15 15 25 25 25 25 25 25 25 25 23 25 25 25 25 16 20 19 19 19 20 20 20 . Class Distribution -------------------- 25% | Golem 25% | Mutant 14% | Hacker-Golem 13% | Trapper-Mutant 6% | Hacker-Mutant 5% | Scavenger-Mutant 3% | Wizard-Golem Dominant Class ---------------- Mutant | -10/Materials Mutant | -10/Mines Mutant | -10/Exiles Mutant | -9/Mines Scavenger-Mutant | -8/Materials Trapper-Mutant | -7/Factory Trapper-Mutant | -7/Waste Trapper-Mutant | -7/Factory Trapper-Mutant | -7/Lower Caves Trapper-Mutant | -7/Lower Caves Trapper-Mutant | -7/Zion Golem | -7/Deep Caves Golem | -6/Proximity Caves Golem | -6/Factory Golem | -6/Lower Caves Golem | -6/Lower Caves Golem | -6/Data Miner Golem | -5/Proximity Caves Hacker-Golem | -5/Factory Hacker-Golem | -5/Upper Caves Hacker-Golem | -5/Upper Caves Hacker-Golem | -5/Zhirov Hacker-Golem | -4/Proximity Caves Wizard-Golem | -4/Factory Machinist-Mutant | -4/Waste Machinist-Mutant | -4/Factory Hacker-Mutant | -4/Upper Caves Hacker-Mutant | -4/Upper Caves Hacker-Mutant | -4/Warlord Hacker-Mutant | -3/Proximity Caves Hacker-Mutant | -3/Research Hacker-Mutant | -3/Testing Resources | -11 -10 -10 -10 -9 -8 -7 -7 -7 -7 -7 -7 -7 -6 -6 -6 -6 -6 -5 -5 -5 -5 -5 -4 -4 -4 -4 -4 -4 -4 -3 -3 -3 ----------- Run | Scr Mat Min Exi Min Mat Fac Was Fac Low Low Zio Dee Pro Fac Low Low Dat Pro Fac Upp Upp Zhi Pro Fac Was Fac Upp Upp War Pro Res Tes Matter Collected 6650 | 240 565 20 . 44 2231 120 . 20 49 . 67 857 30 166 160 195 110 104 465 75 143 . 116 406 50 100 20 . 13 143 . 141 Remotely . | . . . . . . . . . . . . . . . . . . . . . . . . . . . . . . . . . Salvage Created 17969 | . 833 . . 88 1902 145 . 21 27 67 . 2135 151 701 1056 1263 245 316 3985 . 785 . 375 2351 . 652 115 21 . 163 . 572 Parts 815 | . 45 . . 4 114 3 . . 2 . . 77 7 35 30 52 8 26 184 . 29 . 13 117 . 26 10 . . 14 . 19 Haulers Intercepted 13 | . 2 . . . 6 1 . . . . . . . 2 1 . . . . . . . . 1 . . . . . . . . Recyclers Shooed 11 | . 3 1 . . 3 . . . . . . . . 2 . . . . 1 . . . . . . . . . . . . 1 Parts Field Recycled . | . . . . . . . . . . . . . . . . . . . . . . . . . . . . . . . . . Retrieved Matter . | . . . . . . . . . . . . . . . . . . . . . . . . . . . . . . . . . Parts Self-Destructed 199 | . . . . . . . . . 13 . . . 7 . 24 53 . 23 . . 40 . 13 . . . 10 4 . 12 . . Prevented 5 | . . . . . . . . . . . . . . . . . . . . . . . 5 . . . . . . . . . Kills | -11 -10 -10 -10 -9 -8 -7 -7 -7 -7 -7 -7 -7 -6 -6 -6 -6 -6 -5 -5 -5 -5 -5 -4 -4 -4 -4 -4 -4 -4 -3 -3 -3 ------- Run | Scr Mat Min Exi Min Mat Fac Was Fac Low Low Zio Dee Pro Fac Low Low Dat Pro Fac Upp Upp Zhi Pro Fac Was Fac Upp Upp War Pro Res Tes Combat Hostiles Destroyed 318 | . 19 . . 3 34 . . . . . . 61 3 7 17 27 2 12 60 . 16 . 5 29 . 4 2 . . 6 . 11 Melee 7 | . . . . . . . . . . . . 5 . . . . . . . . . . . . . . 2 . . . . . Guns 47 | . 15 . . . 21 . . . . . . 8 . . . . . . 1 . . . . . . . . . . 2 . . Cannons 184 | . 3 . . 3 13 . . . . . . 13 3 6 14 20 1 4 55 . 10 . 5 29 . 2 . . . . . 3 AOE 75 | . . . . . . . . . . . . 33 . 1 3 6 1 8 4 . 6 . . . . 2 . . . 4 . 7 Classes Destroyed 25 | . 5 . . . 5 . . . 1 1 . 4 . 3 1 2 . . 2 . . . . . . . . . . . . 1 Worker 10 | . . . . . 2 . . . . . . . . . . . . . 3 . . . . 2 . 2 . . . . . 1 Builder 9 | . . . . . 2 . . . . . . . . . . . . . 1 . . . . . . 1 . . . . . 5 Tunneler 3 | . . . . . 1 1 . . . . . . . . . . . . 1 . . . . . . . . . . . . . Hauler 13 | . 2 . . . 6 1 . . . . . . . 2 1 . . . . . . . . 1 . . . . . . . . Recycler 17 | . 1 . . . 4 1 . . . . . . . 1 . . . . 4 . . . . 2 . 2 . . . . . 2 Minesweeper 1 | . . . . . . . . . 1 . . . . . . . . . . . . . . . . . . . . . . . Operator 10 | . 2 . . . 3 . . . . . . . . 1 . . . . 2 . . . . 1 . 1 . . . . . . Watcher 13 | . . . . . 4 1 . 1 . . . . . 1 . . . . 2 . . . . 3 . 1 . . . . . . Swarmer 60 | . 5 . . . 13 . . . . . . . 1 1 1 8 . 8 12 . 3 . . 4 . . . . . 4 . . Grunt 102 | . 14 . . 3 12 . . . . . . . 1 . 10 13 . . 27 . 3 . 3 7 . 2 . . . . . 7 Brawler 4 | . . . . . . . . . . . . . . . 2 . . . . . 2 . . . . . . . . . . . Duelist 3 | . . . . . . . . . . . . . . . . . . . 2 . 1 . . . . . . . . . . . Researcher 1 | . . . . . . . . . . . . . . . . . . . . . . . . . . . . . . . . 1 Sentry 27 | . . . . . 9 . . . . . . . 1 1 2 3 . . 3 . 2 . . 4 . . . . . . . 2 Specialist 2 | . . . . . . . . . . . . . . . . . . . 2 . . . . . . . . . . . . . Hunter 24 | . . . . . . . . . . . . . . 1 . 1 . 4 4 . 2 . 2 8 . 2 . . . . . . Programmer 27 | . . . . . . . . . . . . . . 3 . . . . 9 . 3 . . 6 . . 2 . . 2 . 2 Heavy 2 | . . . . . . . . . . . . . . 1 . . . . 1 . . . . . . . . . . . . . Behemoth 1 | . . . . . . . . . . . . . . . . 1 . . . . . . . . . . . . . . . . Enhanced Grunt 2 | . . . . . . . . . . . . . . . . . 2 . . . . . . . . . . . . . . . Z-Technician 4 | . . . . . . . . . . . . 4 . . . . . . . . . . . . . . . . . . . . Z-Light 11 | . . . . . . . . . . . . 11 . . . . . . . . . . . . . . . . . . . . Decomposer 1 | . . . . . . . . . . . . . . . . . . . . . . . . . . . . 1 . . . . Samaritan 2 | . . . . . . . . . . 2 . . . . . . . . . . . . . . . . . . . . . . Assembler 2 | . . . . . . . . . . . . 2 . . . . . . . . . . . . . . . . . . . . Assembled 42 | . . . . . . . . . . . . 42 . . . . . . . . . . . . . . . . . . . . Golem 7 | . . . . . . . . . . . . 7 . . . . . . . . . . . . . . . . . . . . Thug 1 | . . . . . . . . . . . . . . . 1 . . . . . . . . . . . . . . . . . Savage 3 | . . . . . . . . . . . . . . . 2 . 1 . . . . . . . . . . . . . . . Mutant 1 | . . . . . . . . . . . . . . . . 1 . . . . . . . . . . . . . . . . Best Kill Streak 40 | . 3 . . 3 5 1 . 1 1 . . 40 3 2 5 8 1 4 6 . 8 . 2 8 . 4 2 . . 4 . 16 Combat Bots Only 38 | . 3 . . 3 4 . . . . . . 38 3 2 5 8 1 4 5 . 8 . 2 4 . 2 2 . . 4 . 10 Max Kills in Single Turn 17 | . 1 . . 1 2 1 . 1 1 1 . 17 1 1 2 3 1 3 3 . 3 . 1 1 . 3 1 1 . 2 . 6 Gunslinging 1 | . . . . . . . . . . . . . . . . . . . . . . . . . . . . . . 1 . . Exploded 17 | . . . . . . . . . . . . 17 . 1 2 3 1 3 2 . 3 . . . . 2 . . . 2 . 4 Melee 1 | . . . . . . . . . . . . 1 . . . . . . . . . . . . . . 1 . . . . . Uniques/NPCs Destroyed 2 | . . . . . . . . . . . . 1 . . . . 1 . . . . . . . . . . . . . . . Z-Imprinter (-7/Deep Caves) Data Miner (-6/Data Miner) Combat | -11 -10 -10 -10 -9 -8 -7 -7 -7 -7 -7 -7 -7 -6 -6 -6 -6 -6 -5 -5 -5 -5 -5 -4 -4 -4 -4 -4 -4 -4 -3 -3 -3 -------- Run | Scr Mat Min Exi Min Mat Fac Was Fac Low Low Zio Dee Pro Fac Low Low Dat Pro Fac Upp Upp Zhi Pro Fac Was Fac Upp Upp War Pro Res Tes Damage Taken 27341 | . 595 6 . 229 2511 . . 86 21 22 . 3668 20 1016 653 1888 1905 429 5155 . 974 . 450 2331 . 45 229 145 20 536 45 4362 Core 4058 | . 147 . . 44 253 . . . 21 . . 564 . 78 51 247 282 27 503 . 146 . 48 274 . . . 19 20 61 44 1229 Absorbed by Shields 543 | . . . . . . . . . . . . . . . . 543 . . . . . . . . . . . . . . . . Reduced by Siege Mode 122 | . . . . . . . . . . . . 122 . . . . . . . . . . . . . . . . . . . . Redirected to Shielding 580 | . . . . . . . . . . . . . . . . . . . 117 . 69 . 22 262 . . 35 17 . 58 . . Regen/Repaired (Parts) 1572 | . 229 . . . 205 . . . . . . . . . . . . . 587 . . . . 134 . . . . . . . 417 Core Remaining (%) 44 | 100 . . . 23 54 . . . . . . . 16 . . . . 19 . . . . 30 . . . . . . 67 . . Volleys Fired 1095 | . 103 1 . 11 191 . . . . . . 122 3 51 57 76 22 27 185 . 35 . 15 111 . 26 . . . 5 . 54 Largest 2 | . 2 1 . 2 2 . . . . . . 2 2 2 2 2 2 2 2 . 2 . 2 2 . 1 . . . 2 . 1 Hottest 114 | . 100 60 . 95 48 . . . . . . 114 50 50 50 50 50 68 50 . 50 . 50 50 . 25 . . . 80 . 94 Shots Fired 1733 | . 194 1 . 16 303 . . . . . . 172 6 84 101 138 33 44 286 2 57 1 30 178 . 26 . . . 7 . 54 Gun 516 | . 181 . . . 237 . . . . . . 77 . . . . . . 2 . . . . . . . . . . 5 . 14 Cannon 1178 | . 13 1 . 16 66 . . . . . . 84 6 84 97 135 31 40 283 2 54 1 30 178 . 26 . . . . . 31 Launcher 39 | . . . . . . . . . . . . 11 . . 4 3 2 4 1 . 3 . . . . . . . . 2 . 9 Special . | . . . . . . . . . . . . . . . . . . . . . . . . . . . . . . . . . Kinetic 469 | . 90 . . 11 303 . . . . . . 47 . . . . . . 2 . . . . . . . . . . . . 16 Thermal 1178 | . 104 1 . 5 . . . . . . . 101 6 84 97 135 31 40 283 2 54 1 30 178 . 26 . . . . . . Explosive 34 | . . . . . . . . . . . . 11 . . 4 3 2 4 1 . 3 . . . . . . . . 2 . 4 Electromagnetic 28 | . . . . . . . . . . . . 13 . . . . . . . . . . . . . . . . . . . 15 Entropic 24 | . . . . . . . . . . . . . . . . . . . . . . . . . . . . . . 5 . 19 Robot Hit Streak 35 | . 24 2 . 8 22 . . . . . . 21 11 23 26 15 10 17 35 . 8 . 10 24 . 16 . . . 17 . 8 Robot Miss Streak 5 | . 5 . . 1 4 . . . . . . 4 . 4 3 4 1 2 5 . 3 . 1 4 . 2 . . . 1 . 3 Penetration Max . | . . . . . . . . . . . . . . . . . . . . . . . . . . . . . . . . . Secondary Targets 6 | . 1 . . . 3 . . . . . . 1 . . . . . . . . . . . . . . . . . 1 . . Max Gunslinging Chain 1 | . 1 . . . 1 . . . . . . 1 . . . . . . . . . . . . . . . . . 1 . . Shots Hit Robots 1159 | . 131 1 . 11 207 5 . 1 3 3 . 140 4 51 69 80 27 24 189 . 36 . 21 106 . 21 7 1 . 5 . 16 Core Hits 679 | . 45 . . 4 85 2 . . 1 . . 148 3 13 29 44 16 17 108 . 26 . 10 59 . 23 2 1 . 7 . 36 Critical Kills 2 | . 1 . . . . 1 . . . . . . . . . . . . . . . . . . . . . . . . . . Critical Parts Destroyed 3 | . . . . . 3 . . . . . . . . . . . . . . . . . . . . . . . . . . . Critical Strikes 10 | . 1 . . . 3 1 . . . . . 4 . . . . . . . . . . . . . . . . . . . 1 Burn 4 | . . . . . . . . . . . . 4 . . . . . . . . . . . . . . . . . . . . Meltdown 1 | . 1 . . . . . . . . . . . . . . . . . . . . . . . . . . . . . . . Destroy 3 | . . . . . 3 . . . . . . . . . . . . . . . . . . . . . . . . . . . Blast 1 | . . . . . . . . . . . . . . . . . . . . . . . . . . . . . . . . 1 Smash 1 | . . . . . . 1 . . . . . . . . . . . . . . . . . . . . . . . . . . Melee Attacks 119 | . . . . . 2 34 . 1 4 5 12 43 . . . . . . . . . . . . . 3 13 2 . . . . Impact 65 | . . . . . 1 34 . 1 2 5 12 10 . . . . . . . . . . . . . . . . . . . . Slashing 51 | . . . . . . . . . . . . 33 . . . . . . . . . . . . . 3 13 2 . . . . Piercing 2 | . . . . . . . . . 2 . . . . . . . . . . . . . . . . . . . . . . . Sneak Attacks 11 | . . . . . 1 3 . . 1 2 . . . . . . . . . . . . . . . 2 1 1 . . . . Combat Hostiles 1 | . . . . . . . . . . . . . . . . . . . . . . . . . . . 1 . . . . . Follow-up Attacks . | . . . . . . . . . . . . . . . . . . . . . . . . . . . . . . . . . Damage Inflicted 54332 | . 1338 29 . 198 3843 458 . 77 140 312 . 7829 186 2761 3475 4542 1173 1753 10288 13 2835 . 918 5035 . 1744 446 117 . 706 . 4116 Guns 5634 | . 1171 . . . 2792 . . . . . . 1462 . . . . . . 8 . . . . . . . . . . 152 . 49 Cannons 32459 | . 139 18 . 198 980 . . . . . . 1704 186 2556 2891 3723 848 968 8858 . 1823 . 918 5010 . 1004 . . . . . 635 Explosions 12979 | . . . . . . . . . . . . 3339 . 205 584 819 325 785 1419 . 1012 . . . . 505 . . . 554 . 3432 Melee 3109 | . . . . . . 458 . 77 140 312 . 1324 . . . . . . . . . . . . . 235 446 117 . . . . Ramming 151 | . 28 11 . . 71 . . . . . . . . . . . . . 3 13 . . . 25 . . . . . . . . Kinetic 5485 | . 491 . . 128 3772 . . . . . . 848 . . . . . . 8 . . . . . . . . . . . . 238 Thermal 33121 | . 819 18 . 70 . . . . . . . 2165 186 2761 2891 3723 848 968 9770 . 1823 . 918 5010 . 1151 . . . . . . Explosive 8495 | . . . . . . . . . . . . 3248 . . 584 819 325 785 215 . 1012 . . . . . . . . 554 . 953 Electromagnetic 1465 | . . . . . . . . . . . . 244 . . . . . . 292 . . . . . . 358 . . . . . 571 Impact 903 | . . . . . . 458 . 77 56 312 . . . . . . . . . . . . . . . . . . . . . . Slashing 2122 | . . . . . . . . . . . . 1324 . . . . . . . . . . . . . 235 446 117 . . . . Piercing 84 | . . . . . . . . . 84 . . . . . . . . . . . . . . . . . . . . . . . Entropic 2506 | . . . . . . . . . . . . . . . . . . . . . . . . . . . . . . 152 . 2354 Highest Corruption 8 | . . . . . 2 1 1 1 1 . . . . 2 . . . . 7 7 8 8 8 2 2 2 4 . . 2 . 7 Average Corruption 4 | . . . . . 1 1 1 1 1 . . . . 1 . . . . 5 7 7 8 8 1 2 1 2 . . 2 . 1 Corruption Purged 16 | . . . . . 2 . . . 1 . . . . 2 . . . . 5 . . . . . . 2 4 . . . . . Corruption Blocked . | . . . . . . . . . . . . . . . . . . . . . . . . . . . . . . . . . Effects 217 | . . . . . 15 . . 3 . . . . . 11 . . . . 80 21 28 18 20 10 2 4 . . . 3 . 2 Message Errors 56 | . . . . . 5 . . 2 . . . . . 3 . . . . 12 4 10 4 7 3 2 1 . . . 3 . . Matter Fused 64 | . . . . . 2 . . 1 . . . . . 3 . . . . 30 6 11 5 4 1 . . . . . . . 1 Heat Flow Errors 20 | . . . . . . . . . . . . . . . . . . . 10 4 2 1 3 . . . . . . . . . Energy Discharges 29 | . . . . . 3 . . . . . . . . 3 . . . . 10 3 . 5 2 2 . 1 . . . . . . Parts Rejected 2 | . . . . . . . . . . . . . . . . . . . 2 . . . . . . . . . . . . . Data Loss (minor) 20 | . . . . . 2 . . . . . . . . . . . . . 7 2 1 2 4 1 . 1 . . . . . . Data Loss (major) 11 | . . . . . 1 . . . . . . . . . . . . . 5 . 3 . . . . 1 . . . . . 1 Misfires 5 | . . . . . . . . . . . . . . . . . . . 1 2 1 1 . . . . . . . . . . Alerts 8 | . . . . . 1 . . . . . . . . 1 . . . . 3 . . . . 3 . . . . . . . . Weapon Failures 2 | . . . . . 1 . . . . . . . . 1 . . . . . . . . . . . . . . . . . . Overload Shots . | . . . . . . . . . . . . . . . . . . . . . . . . . . . . . . . . . Overflow Damage 3000 | . . . . . 21 156 . 42 16 245 . 279 . 271 89 19 47 117 777 8 144 . 11 166 . 330 99 . . 8 . 155 Projectiles 1688 | . . . . . 10 . . . . . . 103 . 271 75 19 47 53 629 . 144 . 11 166 . 160 . . . . . . Explosions 565 | . . . . . . . . . . . . 176 . . 14 . . 64 148 . . . . . . . . . . 8 . 155 Melee 747 | . . . . . 11 156 . 42 16 245 . . . . . . . . . 8 . . . . . 170 99 . . . . . Knockbacks 13 | . . . . 3 8 . . . . . . . . . . . . . . . . . . . . . . . . . . 2 Impact 1 | . . . . . 1 . . . . . . . . . . . . . . . . . . . . . . . . . . . Kinetic 11 | . . . . 3 6 . . . . . . . . . . . . . . . . . . . . . . . . . . 2 Secondary 1 | . . . . . 1 . . . . . . . . . . . . . . . . . . . . . . . . . . . Self-Inflicted Damage 810 | . . . . . . . . . . . . 153 . 285 . . . . 225 . 91 . . . . . . . . . . 56 Shots 15 | . . . . . . . . . . . . 3 . 4 . . . . 4 . 2 . . . . . . . . . . 2 Rammed 14 | . 4 3 . . 7 . . . . . . . . . . . . . . . . . . . . . . . . . . . Targets Rammed 22 | . 6 3 . . 9 . . . . . . . . . . . . . 1 1 . . . 2 . . . . . . . . Kicked 6 | . 2 . . . . . . . . . . . . . . . . . 1 1 . . . 2 . . . . . . . . Crushed 2 | . . . . . 2 . . . . . . . . . . . . . . . . . . . . . . . . . . . Highest Temperature 430 | . 150 22 . 291 386 . . . . . . 430 21 180 16 42 . . 213 224 268 250 186 144 8 84 . . 8 68 2 289 Average Temperature 45 | . 35 12 . 181 79 . . . . . . 77 9 77 6 17 . . 61 95 126 130 68 37 3 16 . . 4 10 1 85 Received Heat Transfer 5330 | . 309 . . 129 1125 . . 12 9 9 . 797 9 45 198 420 . . 1078 . 81 . 112 138 . . . 9 . 105 . 745 Effects 7 | . . . . . 5 . . . . . . 2 . . . . . . . . . . . . . . . . . . . . Shutdowns 2 | . . . . . 2 . . . . . . . . . . . . . . . . . . . . . . . . . . . Energy Bleed 2 | . . . . . . . . . . . . 2 . . . . . . . . . . . . . . . . . . . . Interference 2 | . . . . . 2 . . . . . . . . . . . . . . . . . . . . . . . . . . . Matter Decay 1 | . . . . . 1 . . . . . . . . . . . . . . . . . . . . . . . . . . . Siege Activations 2 | . . . . . . . . . . . . 2 . . . . . . . . . . . . . . . . . . . . Total Turns 75 | . . . . . . . . . . . . 75 . . . . . . . . . . . . . . . . . . . . Longest Duration 57 | . . . . . . . . . . . . 57 . . . . . . . . . . . . . . . . . . . . Robots Corrupted 3 | . . . . . . . . . . . . 2 . . . . . . . . . . . . . . . . . . . 1 Combat Hostiles 3 | . . . . . . . . . . . . 2 . . . . . . . . . . . . . . . . . . . 1 Parts Fried 11 | . . . . . 1 2 . 2 . 2 . . . . . . . . . . . . . . . 2 . . . . . 2 Impact Corruptions 24 | . . . . . 1 4 . 1 . 17 . . . . . . . . . 1 . . . . . . . . . . . . Robots Melted 2 | . 1 . . . . . . . . . . . . . . 1 . . . . . . . . . . . . . . . . Combat Hostiles 2 | . 1 . . . . . . . . . . . . . . 1 . . . . . . . . . . . . . . . . Parts Melted 21 | . 1 . . 1 . . . . . . . 4 . 1 1 2 2 . 6 . . . . 1 . 1 . . . . . 1 Heat Transferred 20263 | . 1846 37 . 148 . . . . . . . 1857 100 1375 1600 2025 675 550 5325 . 875 . 525 2675 . 650 . . . . . . Parts Sabotaged . | . . . . . . . . . . . . . . . . . . . . . . . . . . . . . . . . . Parts Stolen . | . . . . . . . . . . . . . . . . . . . . . . . . . . . . . . . . . Parts Stripped . | . . . . . . . . . . . . . . . . . . . . . . . . . . . . . . . . . Power Chain Reactions 3 | . . . . . . . . . . . . 1 . . . . . . 2 . . . . . . . . . . . . . Missiles Intercepted . | . . . . . . . . . . . . . . . . . . . . . . . . . . . . . . . . . Alert | -11 -10 -10 -10 -9 -8 -7 -7 -7 -7 -7 -7 -7 -6 -6 -6 -6 -6 -5 -5 -5 -5 -5 -4 -4 -4 -4 -4 -4 -4 -3 -3 -3 ------- Run | Scr Mat Min Exi Min Mat Fac Was Fac Low Low Zio Dee Pro Fac Low Low Dat Pro Fac Upp Upp Zhi Pro Fac Was Fac Upp Upp War Pro Res Tes Peak Influence 732 | . 351 109 . 70 488 297 70 427 . . . . . 189 . . . . 732 . . . . 500 101 291 . . . . 57 556 Initial 221 | . . 109 . . . 221 70 49 . . . . . . . . . . 57 . . . . 53 101 70 . . . . 57 16 Average 203 | . 155 34 . 11 294 189 70 246 . . . . . 50 . . . . 278 . . . . 191 101 138 . . . . 37 226 Maximum Alert Level 3 | . 1 . . . 2 1 . 2 . . . . . . . . . . 3 . . . . 2 . 1 . . . . . 2 Low Security (%) 52 | 100 64 100 . 100 22 46 100 20 . . . . . 100 . . . . 34 . . . . 58 100 81 . . . . 100 47 Level 1 34 | . 35 . . . 48 53 . 77 . . . . . . . . . . 46 . . . . 28 . 18 . . . . . 41 Level 2 12 | . . . . . 29 . . 2 . . . . . . . . . . 11 . . . . 12 . . . . . . . 11 Level 3 1 | . . . . . . . . . . . . . . . . . . . 6 . . . . . . . . . . . . . Level 4 . | . . . . . . . . . . . . . . . . . . . . . . . . . . . . . . . . . Level 5 . | . . . . . . . . . . . . . . . . . . . . . . . . . . . . . . . . . High Security . | . . . . . . . . . . . . . . . . . . . . . . . . . . . . . . . . . Max Security . | . . . . . . . . . . . . . . . . . . . . . . . . . . . . . . . . . Squads Dispatched 55 | . 6 . . . 3 5 . 3 . . . . . 6 . . . . 16 . 1 . . 7 . 3 . . . . 1 4 Investigation 25 | . 4 . . . 1 5 . 2 . . . . . 2 . . . . 5 . . . . 3 . 1 . . . . 1 1 Extermination 14 | . . . . . . . . . . . . . . 2 . . . . 7 . . . . 3 . 1 . . . . . 1 Reinforcement 11 | . 2 . . . 2 . . . . . . . . 1 . . . . 2 . . . . 1 . 1 . . . . . 2 Assault 4 | . . . . . . . . . . . . . . 1 . . . . 2 . 1 . . . . . . . . . . . Garrison 1 | . . . . . . . . 1 . . . . . . . . . . . . . . . . . . . . . . . . Intercept . | . . . . . . . . . . . . . . . . . . . . . . . . . . . . . . . . . Searches Triggered . | . . . . . . . . . . . . . . . . . . . . . . . . . . . . . . . . . Construction Impeded 2 | . . . . . . . . . . . . . . . . . . . . . . . . 1 . . . . . . . 1 Haulers Reinforced . | . . . . . . . . . . . . . . . . . . . . . . . . . . . . . . . . . Active Scanning Responses . | . . . . . . . . . . . . . . . . . . . . . . . . . . . . . . . . . Cargo Convoy Interrupts 1 | . . . . . . . . . . . . . . 1 . . . . . . . . . . . . . . . . . . Stealth | -11 -10 -10 -10 -9 -8 -7 -7 -7 -7 -7 -7 -7 -6 -6 -6 -6 -6 -5 -5 -5 -5 -5 -4 -4 -4 -4 -4 -4 -4 -3 -3 -3 --------- Run | Scr Mat Min Exi Min Mat Fac Was Fac Low Low Zio Dee Pro Fac Low Low Dat Pro Fac Upp Upp Zhi Pro Fac Was Fac Upp Upp War Pro Res Tes Distress Signals 17 | . 3 . . . 8 . . . . . . . . . . . . . 1 . . . . 3 . . . . . . . 2 Communications Jammed . | . . . . . . . . . . . . . . . . . . . . . . . . . . . . . . . . . Distress Signals . | . . . . . . . . . . . . . . . . . . . . . . . . . . . . . . . . . Times Spotted 502 | . 43 . . 3 83 8 . 5 6 7 . 66 3 15 20 26 4 10 74 . 24 . 6 48 . 6 3 2 3 11 1 25 Peak Tracking Total 37 | . 4 . . 3 7 4 . 5 4 6 . 37 3 4 5 8 4 4 5 . 9 . 4 5 . 8 2 2 12 7 1 10 Tactical Retreats 35 | . 4 . . . 1 1 . . . 1 . 6 . . 3 . . 1 2 . 6 . 1 4 . 2 1 . . 1 . 1 Traps | -11 -10 -10 -10 -9 -8 -7 -7 -7 -7 -7 -7 -7 -6 -6 -6 -6 -6 -5 -5 -5 -5 -5 -4 -4 -4 -4 -4 -4 -4 -3 -3 -3 ------- Run | Scr Mat Min Exi Min Mat Fac Was Fac Low Low Zio Dee Pro Fac Low Low Dat Pro Fac Upp Upp Zhi Pro Fac Was Fac Upp Upp War Pro Res Tes Traps Triggered 15 | . 2 . . . . 2 . 2 . . . . . 2 . . . . 2 . . . . 3 . . . . . . 1 1 Indirectly . | . . . . . . . . . . . . . . . . . . . . . . . . . . . . . . . . . Trap Hack Attempts 42 | . . . . . 42 . . . . . . . . . . . . . . . . . . . . . . . . . . . Triggered . | . . . . . . . . . . . . . . . . . . . . . . . . . . . . . . . . . Disarmed 4 | . . . . . . . . . . . . . . . . . . . . . . . . 4 . . . . . . . . Reprogrammed 12 | . . . . . 12 . . . . . . . . . . . . . . . . . . . . . . . . . . . Reused 8 | . . . . . . . . . . . . 8 . . . . . . . . . . . . . . . . . . . . Traps Extracted 18 | . . . . . 12 . . . . . . 6 . . . . . . . . . . . . . . . . . . . . Installed 16 | . . . . . . . . . . . . 16 . . . . . . . . . . . . . . . . . . . . Triggered 11 | . . . . . . . . . . 1 . . . 2 . . . 1 . . . . 1 . . . . . 6 . . . Most Traps Carried 12 | . . . . . 12 12 12 12 12 12 12 12 . . . . . . . . . . . . . . . . . . . . Machines | -11 -10 -10 -10 -9 -8 -7 -7 -7 -7 -7 -7 -7 -6 -6 -6 -6 -6 -5 -5 -5 -5 -5 -4 -4 -4 -4 -4 -4 -4 -3 -3 -3 ---------- Run | Scr Mat Min Exi Min Mat Fac Was Fac Low Low Zio Dee Pro Fac Low Low Dat Pro Fac Upp Upp Zhi Pro Fac Was Fac Upp Upp War Pro Res Tes Machines Disabled 63 | . . . . . 2 . . 2 . . . 3 . 6 1 2 1 . 23 . 2 . . 3 . 7 . . . . . 11 Max in Single Turn 9 | . . . . . 1 . . . . . . 1 . 5 1 1 1 . 9 . 2 . . 1 . 4 . . . . . 2 Garrison Access 8 | . . . . . 1 3 . 1 . . . . . 1 . . . . . . . . . 2 . . . . . . . . Machines Sabotaged . | . . . . . . . . . . . . . . . . . . . . . . . . . . . . . . . . . Garrisons Compromised 1 | . . . . . . . . . . . . . . 1 . . . . . . . . . . . . . . . . . . Overloaded Fab Kills . | . . . . . . . . . . . . . . . . . . . . . . . . . . . . . . . . . Hacking | -11 -10 -10 -10 -9 -8 -7 -7 -7 -7 -7 -7 -7 -6 -6 -6 -6 -6 -5 -5 -5 -5 -5 -4 -4 -4 -4 -4 -4 -4 -3 -3 -3 --------- Run | Scr Mat Min Exi Min Mat Fac Was Fac Low Low Zio Dee Pro Fac Low Low Dat Pro Fac Upp Upp Zhi Pro Fac Was Fac Upp Upp War Pro Res Tes Machines Accessed 94 | . 9 1 1 . 11 14 . 4 . . . . . 6 2 1 4 . 13 . . 4 . 12 . 2 . . 2 . 3 5 Terminals 42 | . 6 . . . 5 6 . 3 . . . . . 2 . 1 . . 6 . . . . 6 . 1 . . . . 1 5 Fabricators 12 | . . . . . . 2 . . . . . . . 4 . . . . 4 . . . . 2 . . . . . . . . Repair Stations 6 | . 1 . . . 2 . . . . . . . . . . . . . 2 . . . . 1 . . . . . . . . Recycling Units 7 | . 2 . . . 2 2 . . . . . . . . . . . . . . . . . . . 1 . . . . . . Scanalyzers 5 | . . . . . 1 1 . . . . . . . . . . . . . . . . . 1 . . . . . . 2 . Garrison Access 8 | . . . . . 1 3 . 1 . . . . . . . . . . 1 . . . . 2 . . . . . . . . Total Hacks 354 | . 24 1 1 . 43 37 . 15 . . . . . 16 2 5 30 . 63 . . 17 . 63 . 8 . . 2 . 9 18 Successful 240 | . 13 1 1 . 28 18 . 7 . . . . . 7 2 5 30 . 40 . . 17 . 49 . 2 . . 2 . 6 12 Failed 114 | . 11 . . . 15 19 . 8 . . . . . 9 . . . . 23 . . . . 14 . 6 . . . . 3 6 Catastrophic 11 | . 1 . . . 1 6 . . . . . . . . . . . . 2 . . . . . . . . . . . . 1 Database Lockouts . | . . . . . . . . . . . . . . . . . . . . . . . . . . . . . . . . . Manual 151 | . 13 . . . 25 25 . 10 . . . . . 7 . . . . 30 . . . . 17 . 8 . . 1 . 1 14 Terminals 175 | . 16 . . . 23 19 . 13 . . . . . 5 . 5 . . 38 . . . . 30 . 3 . . . . 5 18 Fabricators 38 | . . . . . . 2 . . . . . . . 11 . . . . 10 . . . . 15 . . . . . . . . Repair Stations 25 | . 6 . . . 5 . . . . . . . . . . . . . 8 . . . . 6 . . . . . . . . Recycling Units 19 | . 2 . . . 6 6 . . . . . . . . . . . . . . . . . . . 5 . . . . . . Scanalyzers 26 | . . . . . 8 4 . . . . . . . . . . . . . . . . . 10 . . . . . . 4 . Garrison Access 18 | . . . . . 1 6 . 2 . . . . . . . . . . 7 . . . . 2 . . . . . . . . Terminal Hacks 124 | . 4 1 1 . 6 2 . 6 . . . . . 1 2 5 30 . 19 . . 17 . 18 . . . . 2 . 3 7 Record 22 | . . . 1 . . . . . . . . . . . . 5 11 . . . . 5 . . . . . . . . . . Part Schematic 24 | . . . . . . . . . . . . . . . . . 10 . 3 . . 4 . 4 . . . . . . . 3 Robot Schematic 6 | . . . . . . . . . . . . . . . . . 6 . . . . . . . . . . . . . . . Robot Analysis 9 | . 1 . . . . . . 2 . . . . . . . . . . 1 . . 4 . 1 . . . . . . . . Prototype ID Bank 13 | . 3 . . . . . . . . . . . . . . . 3 . 1 . . 4 . 1 . . . . . . . 1 Open Door 5 | . . 1 . . . . . . . . . . . . 2 . . . . . . . . . . . . . 2 . . . Branch Access Points 5 | . . . . . . . . 1 . . . . . 1 . . . . 1 . . . . 1 . . . . . . 1 . Machine Index 1 | . . . . . . . . . . . . . . . . . . . . . . . . 1 . . . . . . . . Terminal Index 2 | . . . . . . 1 . . . . . . . . . . . . 1 . . . . . . . . . . . . . Fabricator Index 2 | . . . . . . . . 1 . . . . . . . . . . 1 . . . . . . . . . . . . . Repair Station Index 1 | . . . . . . . . . . . . . . . . . . . . . . . . . . . . . . . 1 . Alert Level 8 | . . . . . 2 . . . . . . . . . . . . . 3 . . . . 3 . . . . . . . . Unreport Threat 13 | . . . . . 1 . . 2 . . . . . . . . . . 6 . . . . 3 . . . . . . 1 . Locate Traps 6 | . . . . . 1 1 . . . . . . . . . . . . . . . . . 3 . . . . . . . 1 Disarm Traps 1 | . . . . . . . . . . . . . . . . . . . . . . . . 1 . . . . . . . . Reprogram Traps 1 | . . . . . 1 . . . . . . . . . . . . . . . . . . . . . . . . . . . Patrol Status 1 | . . . . . . . . . . . . . . . . . . . 1 . . . . . . . . . . . . . Recall Assault 1 | . . . . . . . . . . . . . . . . . . . 1 . . . . . . . . . . . . . Hauler Manifests 1 | . . . . . 1 . . . . . . . . . . . . . . . . . . . . . . . . . . . Zone Layout 2 | . . . . . . . . . . . . . . . . . . . . . . . . . . . . . . . . 2 Fabricator Hacks 20 | . . . . . . 1 . . . . . . . 4 . . . . 7 . . . . 8 . . . . . . . . Network Status 3 | . . . . . . 1 . . . . . . . 1 . . . . 1 . . . . . . . . . . . . . Load Schematic 10 | . . . . . . . . . . . . . . 2 . . . . 4 . . . . 4 . . . . . . . . Build 7 | . . . . . . . . . . . . . . 1 . . . . 2 . . . . 4 . . . . . . . . Repair Station Hacks 22 | . 6 . . . 5 . . . . . . . . . . . . . 8 . . . . 3 . . . . . . . . Scan Component 12 | . 3 . . . 3 . . . . . . . . . . . . . 4 . . . . 2 . . . . . . . . Repair 10 | . 3 . . . 2 . . . . . . . . . . . . . 4 . . . . 1 . . . . . . . . Recycling Unit Hacks 1 | . . . . . 1 . . . . . . . . . . . . . . . . . . . . . . . . . . . Retrieve Components 1 | . . . . . 1 . . . . . . . . . . . . . . . . . . . . . . . . . . . Scanalyzer 23 | . . . . . 7 3 . . . . . . . . . . . . . . . . . 10 . . . . . . 3 . Insert Component 13 | . . . . . 3 1 . . . . . . . . . . . . . . . . . 6 . . . . . . 3 . Analyze 10 | . . . . . 4 2 . . . . . . . . . . . . . . . . . 4 . . . . . . . . Garrison Access Hacks 7 | . . . . . 1 3 . 1 . . . . . . . . . . . . . . . 2 . . . . . . . . Seal Access 7 | . . . . . 1 3 . 1 . . . . . . . . . . . . . . . 2 . . . . . . . . Unauthorized Hacks 43 | . 3 . . . 8 9 . . . . . . . 2 . . . . 6 . . . . 8 . 2 . . . . . 5 Terminals 25 | . 1 . . . 4 3 . . . . . . . 1 . . . . 4 . . . . 6 . 1 . . . . . 5 Track 1 | . . . . . . . . . . . . . . . . . . . . . . . . . . . . . . . . 1 Assimilate 1 | . . . . . . 1 . . . . . . . . . . . . . . . . . . . . . . . . . . Botnet 18 | . 1 . . . 3 1 . . . . . . . 1 . . . . 3 . . . . 5 . . . . . . . 4 Detonate 1 | . . . . . . . . . . . . . . . . . . . . . . . . . . 1 . . . . . . Operators 4 | . . . . . 1 1 . . . . . . . . . . . . 1 . . . . 1 . . . . . . . . Fabricators 6 | . . . . . . 1 . . . . . . . 1 . . . . 2 . . . . 2 . . . . . . . . Prioritize 1 | . . . . . . . . . . . . . . . . . . . . . . . . 1 . . . . . . . . Haulers 1 | . . . . . . . . . . . . . . . . . . . . . . . . 1 . . . . . . . . Recompile 4 | . . . . . . 1 . . . . . . . 1 . . . . 2 . . . . . . . . . . . . . Repair Stations . | . . . . . . . . . . . . . . . . . . . . . . . . . . . . . . . . . Recycling Units 12 | . 2 . . . 4 5 . . . . . . . . . . . . . . . . . . . 1 . . . . . . Reject 5 | . . . . . 2 2 . . . . . . . . . . . . . . . . . . . 1 . . . . . . Recyclers 1 | . . . . . . 1 . . . . . . . . . . . . . . . . . . . . . . . . . . Mask 4 | . . . . . 2 2 . . . . . . . . . . . . . . . . . . . . . . . . . . Tunnel 2 | . 2 . . . . . . . . . . . . . . . . . . . . . . . . . . . . . . . Scanalyzers . | . . . . . . . . . . . . . . . . . . . . . . . . . . . . . . . . . Garrison Access . | . . . . . . . . . . . . . . . . . . . . . . . . . . . . . . . . . Data Cores Recovered 2 | . . . . . . . . . . . . . . 1 . . . . . . . . . 1 . . . . . . . . Used 1 | . . . . . . . . . . . . . . 1 . . . . . . . . . . . . . . . . . . Hacking Detections 63 | . 7 . . . 6 11 . 4 . . . . . 5 . 1 . . 12 . . . . 9 . 2 . . . . 2 4 Full Trace Events 17 | . 1 . . . 2 3 . 1 . . . . . 1 . . . . 3 . . . . 3 . 1 . . . . 1 1 Feedback Events 4 | . . . . . . 2 . 1 . . . . . . . . . . 1 . . . . . . . . . . . . . Corruption 2 | . . . . . . 1 . . . . . . . . . . . . 1 . . . . . . . . . . . . . Hackware Fried 2 | . . . . . . 1 . 1 . . . . . . . . . . . . . . . . . . . . . . . . Feedback Blocked 1 | . . . . . . . . . . . . . . . . . . . . . . . . . . 1 . . . . . . Robot Schematics Acquired 8 | . . . . . . . . . . . 2 . . . . . 6 . . . . . . . . . . . . . . . Robots Built . | . . . . . . . . . . . . . . . . . . . . . . . . . . . . . . . . . Authchips . | . . . . . . . . . . . . . . . . . . . . . . . . . . . . . . . . . Time . | . . . . . . . . . . . . . . . . . . . . . . . . . . . . . . . . . Total Robot Build Rating . | . . . . . . . . . . . . . . . . . . . . . . . . . . . . . . . . . Part Schematics Acquired 46 | . . . . . 3 1 . . . . 16 . . . . . 10 . 3 . . 4 . 7 . . . . . . . 2 Parts Built 9 | . . . . . . . . . . . . . . 1 . . . . 2 . . . . 6 . . . . . . . . Authchips 3 | . . . . . . . . . . . . . . 1 . . . . . . . . . 2 . . . . . . . . Time 407 | . . . . . . . . . . . . . . 35 . . . . 126 . . . . 246 . . . . . . . . Total Part Build Rating 56 | . . . . . . . . . . . . . . 6 . . . . 10 . . . . 40 . . . . . . . . Parts Repaired 10 | . 3 . . . 2 . . . . . . . . . . . . . 4 . . . . 1 . . . . . . . . Time 321 | . 84 . . . 64 . . . . . . . . . . . . . 133 . . . . 40 . . . . . . . . Parts Recycled . | . . . . . . . . . . . . . . . . . . . . . . . . . . . . . . . . . Recycled Matter . | . . . . . . . . . . . . . . . . . . . . . . . . . . . . . . . . . Retrieved Matter . | . . . . . . . . . . . . . . . . . . . . . . . . . . . . . . . . . Retrieved Components 9 | . . . . . 9 . . . . . . . . . . . . . . . . . . . . . . . . . . . Parts Scanalyzed 8 | . . . . . 3 1 . . . . . . . . . . . . . . . . . 3 . . . . . . 1 . Part Schematics Acquired 7 | . . . . . 3 1 . . . . . . . . . . . . . . . . . 3 . . . . . . . . Parts Damaged . | . . . . . . . . . . . . . . . . . . . . . . . . . . . . . . . . . Bothacking | -11 -10 -10 -10 -9 -8 -7 -7 -7 -7 -7 -7 -7 -6 -6 -6 -6 -6 -5 -5 -5 -5 -5 -4 -4 -4 -4 -4 -4 -4 -3 -3 -3 ------------ Run | Scr Mat Min Exi Min Mat Fac Was Fac Low Low Zio Dee Pro Fac Low Low Dat Pro Fac Upp Upp Zhi Pro Fac Was Fac Upp Upp War Pro Res Tes Used RIF Installer . | . . . . . . . . . . . . . . . . . . . . . . . . . . . . . . . . . Robots Hacked 1 | . . . . . 1 . . . . . . . . . . . . . . . . . . . . . . . . . . . Non-combat 1 | . . . . . 1 . . . . . . . . . . . . . . . . . . . . . . . . . . . Combat . | . . . . . . . . . . . . . . . . . . . . . . . . . . . . . . . . . Robot Hacks Applied 1 | . . . . . 1 . . . . . . . . . . . . . . . . . . . . . . . . . . . parse_system 1 | . . . . . 1 . . . . . . . . . . . . . . . . . . . . . . . . . . . Relay Couplers Released . | . . . . . . . . . . . . . . . . . . . . . . . . . . . . . . . . . Fabnet Peak Effective % . | . . . . . . . . . . . . . . . . . . . . . . . . . . . . . . . . . Robots Rewired 7 | . . . . . . . . . . . . . . . 1 4 . . . . 2 . . . . . . . . . . . Allies Hacked . | . . . . . . . . . . . . . . . . . . . . . . . . . . . . . . . . . Hacks Repelled . | . . . . . . . . . . . . . . . . . . . . . . . . . . . . . . . . . Allies | -11 -10 -10 -10 -9 -8 -7 -7 -7 -7 -7 -7 -7 -6 -6 -6 -6 -6 -5 -5 -5 -5 -5 -4 -4 -4 -4 -4 -4 -4 -3 -3 -3 -------- Run | Scr Mat Min Exi Min Mat Fac Was Fac Low Low Zio Dee Pro Fac Low Low Dat Pro Fac Upp Upp Zhi Pro Fac Was Fac Upp Upp War Pro Res Tes Total Allies 32 | . . . . . . 1 20 . . . 4 . . . 1 4 . . . . 2 . . . . . . . . . . . Largest Group 20 | . . . . . . 1 20 20 13 11 4 4 . . 1 4 4 . . . 2 . . . . . . . . . . . Highest-Rated Group 556 | . . . . . . 26 556 556 403 337 85 85 . . 20 113 113 . . . 79 . . . . . . . . . . . Highest-Rated Ally 49 | . . . . . . 26 35 35 35 31 31 31 . . 20 31 31 . . . 49 . . . . . . . . . . . Total Orders 1 | . . . . . . . . . . . . . . . . . 1 . . . . . . . . . . . . . . . STAY 1 | . . . . . . . . . . . . . . . . . 1 . . . . . . . . . . . . . . . Ally Attacks 166 | . . . . . . . . 47 39 29 . 16 . . 11 . 14 . . . 10 . . . . . . . . . . . Total Damage 3783 | . . . . . . . . 1496 824 500 . 187 . . 265 . 329 . . . 182 . . . . . . . . . . . Kills 34 | . . . . . . . . 13 11 4 . . . . 1 . 2 . . . 3 . . . . . . . . . . . Allies Corrupted . | . . . . . . . . . . . . . . . . . . . . . . . . . . . . . . . . . Allies Melted 1 | . . . . . . . . . . . . . . . . . . . . . 1 . . . . . . . . . . . Turrets Deployed 1 | . . . . . . . . . . . . . . . . . 1 . . . . . . . . . . . . . . . Intel | -11 -10 -10 -10 -9 -8 -7 -7 -7 -7 -7 -7 -7 -6 -6 -6 -6 -6 -5 -5 -5 -5 -5 -4 -4 -4 -4 -4 -4 -4 -3 -3 -3 ------- Run | Scr Mat Min Exi Min Mat Fac Was Fac Low Low Zio Dee Pro Fac Low Low Dat Pro Fac Upp Upp Zhi Pro Fac Was Fac Upp Upp War Pro Res Tes Robot Analysis Total 9 | . 1 . . . . . . 2 . . . . . . . . . . 1 . . 4 . 1 . . . . . . . . Derelict Logs Recovered 18 | . . 2 . 1 . . . . . 2 1 . 1 . 1 2 . 3 . . 1 . 1 . . . 2 1 . . . . Drone Launches . | . . . . . . . . . . . . . . . . . . . . . . . . . . . . . . . . . Drone Recoveries . | . . . . . . . . . . . . . . . . . . . . . . . . . . . . . . . . . Exploration | -11 -10 -10 -10 -9 -8 -7 -7 -7 -7 -7 -7 -7 -6 -6 -6 -6 -6 -5 -5 -5 -5 -5 -4 -4 -4 -4 -4 -4 -4 -3 -3 -3 ------------- Run | Scr Mat Min Exi Min Mat Fac Was Fac Low Low Zio Dee Pro Fac Low Low Dat Pro Fac Upp Upp Zhi Pro Fac Was Fac Upp Upp War Pro Res Tes Turns Passed 46608 | 84 2434 1243 435 495 5773 750 110 272 427 158 2534 7214 433 1798 2815 3673 1355 2221 4029 728 827 522 621 2469 123 555 328 188 635 476 266 617 Spaces Moved 23578 | 46 993 511 182 195 2164 1455 185 408 739 325 1180 3359 225 653 1103 1403 299 811 1632 262 299 133 287 1042 175 665 446 256 826 568 350 401 Core 73 | 4 . . . . . . . . . . . 57 . . . . . . . . . . . . . . . . . . . 12 Treads 5822 | 42 820 511 182 195 2164 . . . . . 1001 907 . . . . . . . . . . . . . . . . . . . . Legs 10303 | . 173 . . . . . . . . . . 2340 225 653 1103 1403 299 811 1632 262 299 133 287 683 . . . . . . . . Wheels . | . . . . . . . . . . . . . . . . . . . . . . . . . . . . . . . . . Hover 7325 | . . . . . . 1455 185 408 739 325 179 . . . . . . . . . . . . 359 175 665 446 256 826 568 350 389 Flight 55 | . . . . . . . . . . . . 55 . . . . . . . . . . . . . . . . . . . . Fastest Speed 29 | 50 160 240 240 240 160 38 38 38 38 38 38 29 183 183 185 183 130 185 135 226 183 185 185 32 32 32 64 64 64 64 64 32 Average Speed 156 | 150 190 240 240 240 225 38 38 38 38 38 209 178 183 222 185 210 188 185 187 226 221 208 199 147 63 62 64 64 64 64 64 114 Slowest Speed 1250 | 160 240 240 240 240 320 38 38 38 38 38 240 320 183 226 185 285 285 185 260 226 242 242 226 306 64 64 64 64 138 138 64 1250 Overloaded Moves . | . . . . . . . . . . . . . . . . . . . . . . . . . . . . . . . . . Propulsion Burnouts . | . . . . . . . . . . . . . . . . . . . . . . . . . . . . . . . . . Robots Hopped 1 | . . . . . . . . . . . . . . . . . 1 . . . . . . . . . . . . . . . Cave-ins Triggered 2 | . . . . . . . . . . . . . . . . . . . 2 . . . . . . . . . . . . . Teleports 1 | . . . . . . . . . . . . . . . . . . . . . . . . . . . . . . . . 1 Exploration Rate (%) 58 | 4 99 99 59 34 94 28 88 14 68 54 86 89 39 22 96 99 79 88 36 52 51 60 53 22 76 18 64 38 94 73 10 43 Regions Visited 32 Branch Regions 21 Pre-discovered Areas 13 | . 2 2 . . . . . . . 1 2 . 1 . . . 1 1 . . . 3 . . . . . . . . . . Known Exits Taken 18 | . . . . . 1 . . 1 1 1 . . 1 1 1 1 1 1 1 . . . 1 . . 1 1 1 1 1 1 . Unknown Exits Taken 10 | 1 1 1 1 1 . . . . . . 1 1 . . . . . . . 1 1 1 . . . . . . . . . . Scrap Searched 31 | . . 1 . 1 . . . . 8 2 2 . 2 . 2 4 . 1 . 1 3 . . . . . 2 1 . 1 . . Spaces Dug 214 | . . . . . 1 28 . . 1 1 4 12 . 11 5 12 . 55 17 . 2 . . 22 . 1 5 1 . 1 . 35 Terrain Destroyed 756 | . . . . . 14 28 . . 1 1 4 50 2 74 60 67 13 79 129 1 33 1 8 61 . 15 5 1 . 30 . 79 Melee 43 | . . . . . 1 28 . . 1 1 4 1 . . . . . . . . . . . . . 1 5 1 . . . . Projectile 351 | . . . . . 13 . . . . . . 36 2 28 32 46 . 18 74 1 18 1 8 61 . . . . . 2 . 11 AOE 362 | . . . . . . . . . . . . 13 . 46 28 21 13 61 55 . 15 . . . . 14 . . . 28 . 68 Terrain Rammed . | . . . . . . . . . . . . . . . . . . . . . . . . . . . . . . . . . Walls Destroyed . | . . . . . . . . . . . . . . . . . . . . . . . . . . . . . . . . . Machines Disabled . | . . . . . . . . . . . . . . . . . . . . . . . . . . . . . . . . . Actions | -11 -10 -10 -10 -9 -8 -7 -7 -7 -7 -7 -7 -7 -6 -6 -6 -6 -6 -5 -5 -5 -5 -5 -4 -4 -4 -4 -4 -4 -4 -3 -3 -3 --------- Run | Scr Mat Min Exi Min Mat Fac Was Fac Low Low Zio Dee Pro Fac Low Low Dat Pro Fac Upp Upp Zhi Pro Fac Was Fac Upp Upp War Pro Res Tes Total 31638 | 58 1365 525 181 207 2773 1609 225 522 878 351 1228 4386 241 927 1779 1985 1071 1489 2338 398 409 383 307 1806 187 770 461 275 932 670 392 510 Wait 5366 | . 193 3 . 2 144 84 36 98 128 22 4 598 6 140 585 393 680 636 395 134 62 231 4 522 . 50 1 18 49 88 27 33 Move 23544 | 45 992 510 181 194 2163 1455 184 407 738 324 1179 3358 224 652 1102 1402 296 810 1629 262 298 132 286 1041 174 664 445 255 825 567 349 401 Hop 1 | . . . . . . . . . . . . . . . . . 1 . . . . . . . . . . . . . . . Pick Up 396 | 7 32 2 . . 60 8 2 . 1 . 13 82 2 30 7 9 27 2 41 1 2 4 1 38 6 5 . . 5 . 6 3 Fast Attach 158 | 5 8 1 . . 21 2 . 2 2 . 2 31 1 7 2 1 5 . 12 . 1 4 . 13 1 7 . . 21 4 2 3 Attach 70 | 1 3 . . . 18 9 . . . . 3 10 . 1 . . 3 . 5 . . . . 6 . . . . 1 . 4 6 Detach 15 | . . . . . 2 . . . . . 1 4 . . . 1 1 2 . 1 1 . . 1 . . . . . . 1 . Swap 151 | . 6 1 . . 41 . . . 2 . 5 11 2 7 8 14 2 6 9 . 2 . . 23 2 3 2 . 2 3 . . Drop 547 | . 22 4 . . 80 17 3 1 3 . 9 111 3 39 14 20 34 6 54 . 5 12 1 48 4 12 . . 29 3 3 10 Fire 1095 | . 103 1 . 11 191 . . . . . . 122 3 51 57 76 22 27 185 . 35 . 15 111 . 26 . . . 5 . 54 Melee 119 | . . . . . 2 34 . 1 4 5 12 43 . . . . . . . . . . . . . 3 13 2 . . . . Ram . | . . . . . . . . . . . . . . . . . . . . . . . . . . . . . . . . . Kick 5 | . 2 . . . . . . . . . . . . . . . . . 1 . . . . 2 . . . . . . . . Crush 16 | . 4 3 . . 9 . . . . . . . . . . . . . . . . . . . . . . . . . . . Escape Stasis 21 | . . . . . . . . 13 . . . . . . . . . . 7 . . . . 1 . . . . . . . . Rewire 76 | . . . . . . . . . . . . . . . 4 69 . . . . 3 . . . . . . . . . . . Trap 58 | . . . . . 42 . . . . . . 16 . . . . . . . . . . . . . . . . . . . . Miscellaneous . | . . . . . . . . . . . . . . . . . . . . . . . . . . . . . . . . . Route ------- -11/Scrapyard -10/Materials (discovered 4 exits: [*Mat x3] / *Min) -10/Mines (discovered 3 exits: [*Mat x2] / *Exi) -10/Exiles -9/Mines (discovered 2 exits: *Mat x2) -8/Materials (discovered 3 exits: *Fac x2 / [*Sto]) -7/Factory -7/Waste -7/Factory (discovered 2 exits: *Low x2) -7/Lower Caves -7/Lower Caves (discovered 2 exits: *Fac / *Zio) -7/Zion (discovered 2 exits: [*Dee] / *Pro) -7/Deep Caves -6/Proximity Caves -6/Factory (discovered 2 exits: *Low x2) -6/Lower Caves -6/Lower Caves (discovered 2 exits: *Fac / *Dat) -6/Data Miner -5/Proximity Caves -5/Factory (discovered 7 exits: *Fac x3 / *Upp x2 / *Ext x2) -5/Upper Caves -5/Upper Caves (discovered 2 exits: *Fac / *Zhi) -5/Zhirov -4/Proximity Caves -4/Factory (discovered 4 exits: Res / Upp x2 / Arm) -4/Waste -4/Factory -4/Upper Caves -4/Upper Caves -4/Warlord -3/Proximity Caves -3/Research (discovered 2 exits: *Tes x2) -3/Testing History --------- Turn | Location | Event 8 | -11/Scrapyard | Discovered new exit (range 13) 85 | -11/Scrapyard | Entered Materials 314 | -10/Materials | Build established: Mutant 684 | -10/Materials | Discovered new exit (range 8) 1159 | -10/Materials | Discovered new exit (range 13) 1254 | -10/Materials | Discovered new exit (range 16) 1563 | -10/Materials | Discovered new exit (range 16) 2071 | -10/Materials | Core integrity fell below 50% 2285 | -10/Materials | Repaired Lgt. Treads 2312 | -10/Materials | Repaired Lgt. Assault Rifle 2345 | -10/Materials | Repaired Imp. Treads 2519 | -10/Materials | Entered Mines 2542 | -10/Mines | Met a Derelict who couldn't figure out how to use a Trap Extractor 2668 | -10/Mines | Learned Materials trap positions 2685 | -10/Mines | Learned location of Mines (-9) 3098 | -10/Mines | Discovered new exit (range 7) 3166 | -10/Mines | A weapon hastily lodged in a ceiling crevice suddenly fell to the ground 3686 | -10/Mines | Learned location of Storage (-8) 3690 | -10/Mines | Discovered new exit (range 12) 3750 | -10/Mines | Deemed a non-threat by the Exiles lab entrance 3750 | -10/Mines | Discovered new exit (range 5) 3762 | -10/Mines | Entered Exiles 3762 | -10/Exiles | Found Exiles lab abandoned 4173 | -10/Exiles | Discovered new exit (range 11) 4197 | -10/Exiles | Entered Mines 4301 | -9/Mines | Discovered new exit (range 15) 4368 | -9/Mines | Discovered new exit (range 6) 4560 | -9/Mines | Learned Materials security intel 4589 | -9/Mines | Found a hidden stash of uninstalled traps 4692 | -9/Mines | Entered Materials 4692 | -8/Materials | Evolved 4 slots: Propulsion x1, Utility x3 4693 | -8/Materials | Loaded intel: 20 trap records 6030 | -8/Materials | Discovered new exit (range 15) 6099 | -8/Materials | Build established: Scavenger-Mutant 6764 | -8/Materials | Discovered new exit (range 16) 6882 | -8/Materials | Repaired Imp. Treads 6978 | -8/Materials | Discovered new exit (range 14) 7087 | -8/Materials | Repaired Hvy. Assault Rifle 8192 | -8/Materials | Build established: Mutant 9386 | -8/Materials | Build established: Trapper-Mutant 10463 | -8/Materials | Identified exit to Factory 10465 | -8/Materials | Entered Factory 10465 | -7/Factory | Evolved 2 slots: Propulsion x1, Utility x1 10622 | -7/Factory | Discovered new exit (range 15) 10628 | -7/Factory | Identified exit to Factory 10779 | -7/Factory | System Shield fried by hacking feedback 11215 | -7/Factory | Sucked down chute 11215 | -7/Factory | Entered Waste 11216 | -7/Waste | Joined by Warlord forces that had cleared the area 11278 | -7/Waste | Discovered new exit (range 12) 11289 | -7/Waste | Identified exit to Factory 11325 | -7/Waste | Entered Factory 11325 | -7/Factory | Accompanied by 20 allies 11369 | -7/Factory | Hacking Suite fried by hacking feedback 11390 | -7/Factory | Identified exit to Lower Caves 11597 | -7/Factory | Entered Lower Caves 11597 | -7/Lower Caves | Accompanied by 14 allies 11917 | -7/Lower Caves | Discovered new exit (range 14) 11924 | -7/Lower Caves | Identified exit to Lower Caves 12024 | -7/Lower Caves | Entered another Lower Caves area 12024 | -7/Lower Caves | Accompanied by 11 allies 12032 | -7/Lower Caves | Discovered exit to Factory (range 8) 12070 | -7/Lower Caves | Attacked by a faux Warlord 12171 | -7/Lower Caves | Learned Factory garrison access intel 12173 | -7/Lower Caves | Learned location of Zion (-7) 12175 | -7/Lower Caves | Discovered new exit (range 15) 12181 | -7/Lower Caves | Identified exit to Zion 12182 | -7/Lower Caves | Entered Zion 12210 | -7/Zion | Gained Derelict followers 12211 | -7/Zion | Discovered new exit (range 12) 12215 | -7/Zion | Identified exit to Proximity Caves 12263 | -7/Zion | Found Prototype Energy Gun 12857 | -7/Zion | Learned location of Quarantine (-2) 13073 | -7/Zion | Found GAL Module 13175 | -7/Zion | Learned Factory repair station intel 13541 | -7/Zion | Discovered new exit (range 4) 14699 | -7/Zion | Saw the warning signs outside the Deep Caves entrance 14716 | -7/Zion | Entered Deep Caves 14716 | -7/Deep Caves | Accompanied by 4 allies 15556 | -7/Deep Caves | Attacked by Z-Imprinter 15562 | -7/Deep Caves | Destroyed Z-Imprinter 15639 | -7/Deep Caves | Build established: Derelict-Mutant 15659 | -7/Deep Caves | Found Prototype Device 15659 | -7/Deep Caves | Identified Zio. Metafield Generator 15830 | -7/Deep Caves | Found Prototype Protection 15830 | -7/Deep Caves | Identified Zio. Weapon Casing 16280 | -7/Deep Caves | Z-Facility disabled 16338 | -7/Deep Caves | Build established: Scavenger-Mutant 16481 | -7/Deep Caves | Spotted as-03077 16573 | -7/Deep Caves | Triggered Deep Caves wall 16573 | -7/Deep Caves | Spotted AS-77548 16573 | -7/Deep Caves | Spotted AS-63377 16585 | -7/Deep Caves | Destroyed AS-63377 16616 | -7/Deep Caves | Destroyed AS-77548 16664 | -7/Deep Caves | Destroyed 38 combat bots 16666 | -7/Deep Caves | Lost 6 parts (1n3u2w) 16955 | -7/Deep Caves | Exposed GOLEM chamber 16975 | -7/Deep Caves | Found GOLEM Unit 16992 | -7/Deep Caves | Found GOLEM Unit 17426 | -7/Deep Caves | Build established: Golem 17917 | -7/Deep Caves | Discovered new exit (range 6) 18056 | -7/Deep Caves | Found Prototype Protection 18056 | -7/Deep Caves | Identified Zio. Heavy Carapace 18816 | -7/Deep Caves | Spotted as-46323 18822 | -7/Deep Caves | Core integrity fell below 50% 18862 | -7/Deep Caves | Core integrity fell below 20% 18865 | -7/Deep Caves | Destroyed as-46323 18917 | -7/Deep Caves | Found Deploy-a-Sentry 19003 | -7/Deep Caves | Build established: Mutant 19019 | -7/Deep Caves | Found GOLEM Unit 19040 | -7/Deep Caves | Found GOLEM Unit 19046 | -7/Deep Caves | Found GOLEM Unit 19317 | -7/Deep Caves | Build established: Golem 19691 | -7/Deep Caves | Found Zio. Weapon Casing 19699 | -7/Deep Caves | Found Zio. Weapon Casing 19792 | -7/Deep Caves | Found Zio. Weapon Casing 19926 | -7/Deep Caves | Found Zio. Weapon Casing 19931 | -7/Deep Caves | Found Zio. Weapon Casing 19954 | -7/Deep Caves | Found Zio. Heavy Carapace 20252 | -7/Deep Caves | Found Zio. Weapon Casing 20416 | -7/Deep Caves | Build established: Mutant 21930 | -7/Deep Caves | Entered Proximity Caves 21950 | -6/Proximity Caves | Attracted the attention of an 0b10 checkpoint 22169 | -6/Proximity Caves | Learned location of Extension (-5) 22172 | -6/Proximity Caves | Build established: Golem 22285 | -6/Proximity Caves | Discovered exit to Factory (range 15) 22363 | -6/Proximity Caves | Entered Factory 22363 | -6/Factory | Evolved 2 slots: Power x1, Utility x1 22364 | -6/Factory | Loaded intel: 6 repair station locations 22365 | -6/Factory | Loaded intel: 4 garrison access locations 22888 | -6/Factory | Build established: Mutant 23381 | -6/Factory | Cargo convoy interrupted 23452 | -6/Factory | Build established: Golem 23457 | -6/Factory | Identified exit to Lower Caves 23849 | -6/Factory | Fabricated Adv. Hacking Suite (x1) 24161 | -6/Factory | Entered Lower Caves 25300 | -6/Lower Caves | Attracted the attention of an 0b10 checkpoint 25389 | -6/Lower Caves | Learned Factory stockpile data 25622 | -6/Lower Caves | Attracted the attention of an 0b10 outpost 26028 | -6/Lower Caves | Ambushed by wild Derelicts 26482 | -6/Lower Caves | Discovered new exit (range 16) 26604 | -6/Lower Caves | Identified exit to Lower Caves 26727 | -6/Lower Caves | Build established: Mutant 26976 | -6/Lower Caves | Entered another Lower Caves area 26977 | -6/Lower Caves | Encountered a Warlord checkpoint 27114 | -6/Lower Caves | Discovered new exit (range 4) 27120 | -6/Lower Caves | Identified exit to Factory 27671 | -6/Lower Caves | Attracted the attention of an 0b10 checkpoint 28040 | -6/Lower Caves | Build established: Golem 28303 | -6/Lower Caves | Destroyed 8 combat bots 28370 | -6/Lower Caves | Attracted the attention of an 0b10 base 28496 | -6/Lower Caves | Learned Armory garrison access intel 28496 | -6/Lower Caves | Learned Extension security intel 29725 | -6/Lower Caves | Spotted B-75 Beast 29763 | -6/Lower Caves | Destroyed B-75 Beast 29942 | -6/Lower Caves | Attacked by a delusional Derelict stockpiling Unaware 30130 | -6/Lower Caves | Discovered new exit (range 10) 30149 | -6/Lower Caves | Identified exit to Data Miner 30331 | -6/Lower Caves | Build established: Commander-Golem 30649 | -6/Lower Caves | Entered Data Miner 30649 | -6/Data Miner | Accompanied by 4 allies 30649 | -6/Data Miner | Discovered new exit (range 6) 30708 | -6/Data Miner | Met Data Miner 30762 | -6/Data Miner | Learned location of Section 7 (-2) 30762 | -6/Data Miner | Acquired the access code to Warlord's prototype stash 30801 | -6/Data Miner | Received God Mode back door access code from Data Miner 31025 | -6/Data Miner | Data Conduit disabled 31025 | -6/Data Miner | Destroyed Data Miner 31059 | -6/Data Miner | Core integrity fell below 50% 31094 | -6/Data Miner | DAS Turret deployed 31124 | -6/Data Miner | Lost 8 parts (1p2n4u1w) 31461 | -6/Data Miner | Build established: Golem 31766 | -6/Data Miner | Found Prototype Hackware 31769 | -6/Data Miner | Found Prototype Hackware 32002 | -6/Data Miner | Identified exit to Proximity Caves 32004 | -6/Data Miner | Entered Proximity Caves 32833 | -5/Proximity Caves | Received a Behemoth hack from an annoying Tinkerer 33948 | -5/Proximity Caves | Core integrity fell below 20% 33985 | -5/Proximity Caves | Discovered exit to Factory (range 3) 34152 | -5/Proximity Caves | Learned location of 1 exit from Factory 34225 | -5/Proximity Caves | Entered Factory 34225 | -5/Factory | Evolved 2 slots: Utility x2 34226 | -5/Factory | Identified exit to Factory 34270 | -5/Factory | Repaired Imp. Force Field 34520 | -5/Factory | Identified Quantum Router 34522 | -5/Factory | Identified Ghost Barrier 34915 | -5/Factory | Discovered new exit (range 13) 34955 | -5/Factory | Build established: Hacker-Golem 35198 | -5/Factory | Crushed by falling debris 35202 | -5/Factory | Crushed by falling debris 35340 | -5/Factory | Repaired Lyr. Medium Armor Plating 35392 | -5/Factory | Repaired Enh. Flexi-carbon Leg? 35505 | -5/Factory | Repaired Enh. Flexi-carbon Leg? 35908 | -5/Factory | Identified exit to Upper Caves 35908 | -5/Factory | Identified exit to Extension 36158 | -5/Factory | Discovered exit to Factory (range 5) 36702 | -5/Factory | Fabricated Exp. Utility Shielding? 37402 | -5/Factory | Discovered exit to Factory (range 8) 37419 | -5/Factory | Lost 3 parts (2n1w) 37525 | -5/Factory | First assault squad dispatched 37962 | -5/Factory | Fabricated Exp. Utility Shielding? 38099 | -5/Factory | Spotted B-75 Beast 38246 | -5/Factory | Core integrity fell below 50% 38254 | -5/Factory | Entered Upper Caves 38276 | -5/Upper Caves | Lost 4 parts (1p1n2w) 38962 | -5/Upper Caves | Discovered new exit (range 10) 38982 | -5/Upper Caves | Entered another Upper Caves area 38984 | -5/Upper Caves | Attracted the attention of an 0b10 checkpoint 39018 | -5/Upper Caves | Learned location of 1 exit from Factory 39098 | -5/Upper Caves | Discovered exit to Factory (range 5) 39309 | -5/Upper Caves | Attracted the attention of an 0b10 outpost 39359 | -5/Upper Caves | Destroyed 8 combat bots 39781 | -5/Upper Caves | Discovered new exit (range 12) 39809 | -5/Upper Caves | Entered Zhirov 39809 | -5/Zhirov | Discovered new exit (range 3) 39853 | -5/Zhirov | Met Zhirov 39907 | -5/Zhirov | Learned location of Testing (-3) 39907 | -5/Zhirov | Learned location of Command (-1) 39921 | -5/Zhirov | Zhirov requested help retrieving the SGEMP Prototype 39960 | -5/Zhirov | Found Alien Artifact 39960 | -5/Zhirov | Identified Integrated Reactor 39960 | -5/Zhirov | Installed Integrated Reactor, increased core energy generation (+10) 40032 | -5/Zhirov | Found Alien Artifact 40331 | -5/Zhirov | Entered Proximity Caves 40348 | -4/Proximity Caves | Learned Research garrison access intel 40923 | -4/Proximity Caves | Discovered exit to Factory (range 14) 40952 | -4/Proximity Caves | Entered Factory 40952 | -4/Factory | Evolved 2 slots: Propulsion x1, Utility x1 40953 | -4/Factory | Identified exit to Armory 40954 | -4/Factory | Identified exit to Research 41021 | -4/Factory | Repaired Exp. Utility Shielding 41283 | -4/Factory | Build established: Wizard-Golem 41929 | -4/Factory | Identified exit to Upper Caves 42104 | -4/Factory | Identified Transdimensional Reconstructor 42104 | -4/Factory | Identified Storm Laser 42484 | -4/Factory | Fabricated Exp. Hacking Suite? 42693 | -4/Factory | Fabricated Cmb. Antigrav System? 42729 | -4/Factory | Build established: Hacker-Golem 42880 | -4/Factory | Fabricated Cmb. Antigrav System? 43317 | -4/Factory | Fabricated Hcp. Storage Unit (x1) 43421 | -4/Factory | Manually triggered Chute Trap 43421 | -4/Factory | Sucked down chute 43421 | -4/Factory | Entered Waste 43421 | -4/Waste | The area was eerily silent 43480 | -4/Waste | Found Prototype Hackware 43493 | -4/Waste | Discovered new exit (range 16) 43541 | -4/Waste | Identified exit to Factory 43544 | -4/Waste | Entered Factory 43629 | -4/Factory | Build established: Machinist-Mutant 43839 | -4/Factory | Discovered exit to Upper Caves (range 9) 44099 | -4/Factory | Entered Upper Caves 44272 | -4/Upper Caves | Learned Research terminal intel 44284 | -4/Upper Caves | Build established: Hacker-Mutant 44308 | -4/Upper Caves | Attracted the attention of an 0b10 checkpoint 44337 | -4/Upper Caves | Learned Research emergency access door positions 44345 | -4/Upper Caves | Discovered new exit (range 8) 44349 | -4/Upper Caves | Identified exit to Upper Caves 44427 | -4/Upper Caves | Entered another Upper Caves area 44522 | -4/Upper Caves | Learned Research emergency access door positions 44589 | -4/Upper Caves | Attracted the attention of an 0b10 checkpoint 44610 | -4/Upper Caves | Discovered new exit (range 7) 44614 | -4/Upper Caves | Identified exit to Warlord 44615 | -4/Upper Caves | Entered Warlord 44616 | -4/Warlord | Identified exit to Proximity Caves 44779 | -4/Warlord | Received a Watcher feed algorithm from an ecstatic Tinkerer 44946 | -4/Warlord | Warlord's base attacked by MAIN.C 44959 | -4/Warlord | Found Prototype Energy Gun 44959 | -4/Warlord | Identified Vortex Rifle 44963 | -4/Warlord | Found Prototype Energy Gun 44963 | -4/Warlord | Identified Vortex Rail 44966 | -4/Warlord | Found Prototype Launcher 44966 | -4/Warlord | Identified Vortex Catalyst Activator 44975 | -4/Warlord | Met EX-DEC 44978 | -4/Warlord | Found Prototype Energy Cannon 44987 | -4/Warlord | Identified Exp. System Shield 44999 | -4/Warlord | Found Vortex Rifle 45056 | -4/Warlord | Met Warlord 45063 | -4/Warlord | Opened Warlord's prototype stash 45089 | -4/Warlord | Found Prototype Processor 45089 | -4/Warlord | Identified Exp. Target Analyzer 45095 | -4/Warlord | Found Prototype Hackware 45162 | -4/Warlord | Opened side exit 45246 | -4/Warlord | Spotted Striker 45250 | -4/Warlord | Entered Proximity Caves 45645 | -3/Proximity Caves | Spotted B-86 Titan 45710 | -3/Proximity Caves | Attracted the attention of an 0b10 checkpoint 45719 | -3/Proximity Caves | Discovered exit to Research (range 11) 45726 | -3/Proximity Caves | Entered Research 45726 | -3/Research | Evolved 2 slots: Utility x2 45727 | -3/Research | Identified System Mapper 45728 | -3/Research | Loaded intel: 23 terminal locations 45729 | -3/Research | Loaded intel: 4 garrison access locations 45743 | -3/Research | Identified BFG-9k Vortex Edition 45864 | -3/Research | Identified exit to Testing 45992 | -3/Research | Entered Testing 46068 | -3/Testing | Found Prototype Protection 46320 | -3/Testing | Scanned by Researcher 46379 | -3/Testing | Destroyed 10 combat bots 46386 | -3/Testing | Warped through subspace 46387 | -3/Testing | Core integrity fell below 50% 46417 | -3/Testing | Lost 17 parts (2p4n7u4w) 46460 | -3/Testing | Identified SHELL Armor 46606 | -3/Testing | Core integrity fell below 20% 46609 | -3/Testing | Destroyed by X-87 Electro with Compact HERF Cannon Last Messages --------------- 46368_ U-05 Engineer lays Concrete. 46370_ Acquired Micro-nuke Launcher. 46372_ The unstable cave ceiling collapses. 46372_ U-05 Engineer lays Concrete. 46377_ The unstable cave ceiling collapses. 46377_ Micro-nuke Launcher destroyed. 46380_ The unstable cave ceiling collapses. 46384_ Acquired 4 matter. 46385_ System Mapper destroyed. 46386_ Ghost Barrier destroyed. 46386_ Warped through subspace. 46443_ W-44 Eye sends out distress signal. 46459_ Cmb. Antigrav System destroyed. 46460_ Identified SHELL Armor. 46503_ System corrupted: Matter fused (-6). 46519_ Asb. Biocell Array destroyed. 46522_ Critical hit (Burn: +50). 46601_ Dropped SHELL Armor. 46606_ Asb. Combat Suite destroyed. 46609_ Dropped Hcp. Storage Unit. Map ----- +----------------------------------------------------+ | #??????+ #???????????????????? | | #??????# #???????????????????? | | ###### """] #??????? ????????????????????? | | ?????# """ #??????? ????????????????????? | | ?????# """ #??????? ????????????????????? | | " #??# = """ #??????? #######?????????????? | | " #??# """ * #??????? ? #?????????????? | | " #??# * #??????? #??# #?????????????? | | " #??#!!! |= #???#####+##### #?????????????? | | " #??#!! % #???#! + #?????????????? | | #??#! * #???# ## #?????????????? | | ] #??# % = #???# """ """ ## #?????????????? | | ###### % #???# """ """ ## #?????????????? | | #???# """ """ ## #?????????????? | | % #???# ## #?????????????? | | ######"" #???# ! ## #?????????????? | | ??????" #???#] ## #?????????????? | | ??????# "" #???############+####??????????? | | ????#"" "# #???????# """" #??????????? | | ????#] ""# #???????# ""S"" #??????????? | | ????#"" # #???????# "" "" #??????????? | | ??????#" ""# ######### #??????????? | | ??????###"## + A #??????????? | | ????????## !# g """"""" #??????????? | | ???????????# !!! """"""" #??????????? | | ???????????# ]!@# """"""" #??????????? | | ???????????######## !!#] #??????????? | | ??????????????????# # """"""" #??????????? | | ??????????????????# xx # """"""" #??????????? | | ??????????????????# x # """"""" #??????????? | | ??????????????????# # #??????????? | | ??????????????????# ########?####??????????? | | ??????????????????# #??????????????????????? | | ??????????????????## ## #??????????????????????? | | ???????????????????# ?? ???????????????????????? | | ???????????????????# ?? ???????????????????????? | | ???????????????????####?? ???????????????????????? | | ????????????????????????? ???????????????????????? | | ????????????????????????? ???????????????????????? | | ????????????????????????? ???????????????????????? | | ????????????????????????? ???????????????????????? | | ?????????????????????????????????????????????????? | | ?????????????????????????????????????????????????? | | ?????????????????????????????????????????????????? | | ?????????????????????????????????????????????????? | | ?????????????????????????????????????????????????? | | ?????????????????????????????????????????????????? | | ?????????????????????????????????????????????????? | | ?????????????????????????????????????????????????? | | ?????????????????????????????????????????????????? | +----------------------------------------------------+ Best States ------------- Heat Dissipation 88 Coolant Potential 50 Energy Generation 55 Energy Capacity 1700 Matter Stores 500 Matter Capacity 500 Sight Range 16 Robot Scan Range 16 Terrain Scan Density 10 Jamming Range 14 Cloak Strength 4 Additional Mass Support 20 Armor Coverage 1200 Resistance: KI 15 Resistance: TH 15 Resistance: EX 15 Resistance: EM 15 Resistance: I 15 Resistance: S 15 Resistance: P 15 Utility Shielding 90 Phase Shifting 8 Evasion (%) 78 Targeting Accuracy 14 Target Analysis 10 Core Analysis 8 Recoil Reduction 4 Salvage Targeting 4 Offensive Hacking 54 Defensive Hacking 45 Authchip Count 2 Trap Extractor Capacity 4 Item Schematics ----------------- Huge Storage Unit | -8/Materials | Scanalyzed Hcp. Storage Unit | -8/Materials | Scanalyzed Hacking Suite | -8/Materials | Scanalyzed Cld. Airjet | -7/Factory | Scanalyzed Phase Shifter | -7/Zion | Archive Mak. Laser | -7/Zion | Archive Hpw. Shock Rifle | -7/Zion | Archive Remote Datajack | -7/Zion | Archive Adv. Hacking Suite | -7/Zion | Archive System Guard | -7/Zion | Archive Imp. Deuterium Engine | -7/Zion | Archive Hvy. Riot Gun | -7/Zion | Archive Energy Well | -7/Zion | Archive Imp. Remote Datajack | -7/Zion | Archive Mak. Flight Unit | -7/Zion | Archive Adv. Signal Interpreter | -7/Zion | Archive Imp. Melee Analysis Suite | -7/Zion | Archive Power Amplifier | -7/Zion | Archive Mak. Hammer | -7/Zion | Archive HERF Cannon | -7/Zion | Archive Combat Drone Bay | -6/Data Miner | Free Lgt. Regenerative Plating | -6/Data Miner | Free Cld. Nuclear Pulse Thruster | -6/Data Miner | Free Imp. Matter Compressor | -6/Data Miner | Free Cld. Plasma Rifle | -6/Data Miner | Free Impulse Thruster | -6/Data Miner | Free Adv. Thermal Generator | -6/Data Miner | Free Micro-nuke Launcher | -6/Data Miner | Free Antimissile System | -6/Data Miner | Free Hyp. Mass Driver | -6/Data Miner | Free Exp. Utility Shielding | -5/Factory | Hacked Linear Accelerator | -5/Factory | Hacked Cmb. Gravmag System | -5/Factory | Hacked Assault Drone Bay | -5/Zhirov | Free Exp. Heat Sink | -5/Zhirov | Free Exp. Optical Array | -5/Zhirov | Free Imp. Arc Thrower | -5/Zhirov | Free Com. HERF Cannon | -4/Factory | Hacked Exp. Reaction Control System | -4/Factory | Scanalyzed Adv. Phase Shifter | -4/Factory | Scanalyzed Adv. Sensor Array | -4/Factory | Scanalyzed Exp. Hacking Suite | -4/Factory | Hacked Cmb. Antigrav System | -4/Factory | Hacked Adv. Heavy Treads | -4/Factory | Hacked Med. Regenerative Plating | -3/Testing | Hacked Exp. Q-thruster | -3/Testing | Hacked Robot Schematics ------------------ S-27 Virus | -7/Zion | Archive K-01 Serf | -7/Zion | Archive H-66 Slayer | -6/Data Miner | Free R-10 Processor | -6/Data Miner | Free Y-64 Sentinel | -6/Data Miner | Free G-50 Soldier | -6/Data Miner | Free M-22 Extractor | -6/Data Miner | Free B-60 Warrior | -6/Data Miner | Free Fabricated ------------ Adv. Hacking Suite | x1 | -6/Factory | Authchip Exp. Utility Shielding | x1 | -5/Factory Exp. Utility Shielding | x1 | -5/Factory Exp. Hacking Suite | x1 | -4/Factory | Authchip Cmb. Antigrav System | x2 | -4/Factory | Authchip Cmb. Antigrav System | x2 | -4/Factory Hcp. Storage Unit | x1 | -4/Factory Alien Tech Used ----------------- Integrated Reactor Transdimensional Reconstructor Achievements -------------- None Challenges ------------ None Game ------ Seed TachyonCryofiberPropulsion Manual? 0 Play Time 04:20:44 Cumulative 536.2 hours Start 2022.07.13 @ 12:39:27 End 2022.07.13 @ 18:32:42 Sessions 1 Manual Loads 0 Difficulty Rogue Special Mode None Game No. 481 Rogue 481 Adventurer 0 Explorer 0 Win Type - Total 24 Types 13/2/5/2/0/0/1/1/0 Lore% 94 Gallery% 94 Achievement% 78 Wizard Run 0 Options --------- ASCII 0 Keyboard 0 Movement Arrows Keybinds 0 Fullscreen 1 Font 18/Smallcaps Map View 76x50 Tactical HUD 1 Map Filters NONE Filters NONE Steam 1 RUN: 3f262ced-2249-498b-a6a5-b138f770d999